cohdb
Replays
Latest Replays
All Replays
Popular Replays
Top Player Replays
Match Explorer
How It Works
Community
CoH3 Stats
Reddit
Sign in to upload your games and track your stats! →
Sign in with Steam
Match 41558471
Unlisted
Match 41558471
Overview
Messages
Build Orders
End
Engineer Squad
Selects Special Operations Battlegroup
Selects M29 Weasel Recon Vehicle
M29 Weasel Recon Vehicle
Construct Weapon Support Center
M1919 Machine Gun Team
Bazooka Squad
M1919 Machine Gun Team
Infantry Support Center
Mortar Pit
Selects Raiding Flares
M3 Armored Personnel Carrier
Advanced Logistics
Selects SSF Commando Squad
SSF Commando Squad
Survival Training
.30 cal Machine Gun
.30 cal Machine Gun
SSF Commando Squad
Improved M9 Bazooka Rockets
M3 Armored Personnel Carrier
Raiding Flares
Munitions Surplus
Selects Air Re-supply Operation
Construct Tank Depot
hellofr13nd
Bego
KevinTDW
mongman
0
0
Comments
sign in to comment!
No comments posted yet!